AoeStats
← Okillebo

Arabia

506514538Analyzed
1v1 RM · 18d ago on Sep 13, 2026· 69m 6s· 2 players
Game mode
Random Map
Map size
Tiny (2 player)
Population
200
Speed
Normal
Resources
Standard
Victory
Conquest
Starting age
Dark Age
Ending age
Imperial Age
RankedLock teamsTeams togetherTeam positionsShared explorationLock speedFull tech treeHidden civsTurbo modeCheats
Victory
Defeat
🇫🇷 Franks · France
865
+17
🇹🇷 Sicilians · Türkiye
880
-17
Okillebo
4:39 Loom
7:10 Loom
9:59 Feudal Age
17:01 Castle Age
17:09 Crossbowman
20:16 Double-Bit Axe
22:32 Padded Archer Armor
34:39 Gold Mining
37:48 Fletching
38:19 Scale Barding Armor
43:45 Gold Shaft Mining
43:03 Stone Mining
45:12 Ballistics
48:34 Husbandry
50:17 Chain Barding Armor
50:08 Forging
49:54 Bodkin Arrow
50:26 Leather Archer Armor
56:38 Imperial Age
57:51 Conscription
57:45 Forging
57:33 Bodkin Arrow
58:18 Plate Barding Armor
58:27 Cavalier
65:32 Theocracy
64:53 Herbal Medicine
65:45 Husbandry
67:16 Conscription
68:11 Iron Casting
70:18 Theocracy
BULUT16
2:59 Loom
9:43 Feudal Age
13:00 Scale Mail Armor
27:25 Castle Age
27:05 Padded Archer Armor
28:34 Elite Skirmisher
29:51 Leather Archer Armor
30:02 Pikeman
38:36 Imperial Age
38:39 Murder Holes
39:31 Ballistics
43:54 Squires
47:32 Fletching
54:58 Bodkin Arrow
62:11 Scale Barding Armor
62:51 Husbandry
65:58 Cavalier
Connection lost

Rejoining the realm…

Still unreachable

The connection could not be restored.

Session expired

The server has moved on; the page needs a fresh start.